 Dungeon Crawl Stone Soup version 0.17-a0-913-g36eb389 (webtiles) character file.

53 drasked the Magician (level 3, -3/19 HPs)
             Began as a Deep Elf Ice Elementalist on May 3, 2015.
             Slain by a gnoll
             ... wielding a +0 whip
              (5 damage)
             ... on level 2 of the Dungeon.
             The game lasted 00:03:53 (1169 turns).

drasked the Magician (Deep Elf Ice Elementalist)    Turns: 1169, Time: 00:03:54

Health: -3/19      AC:  7    Str:  5    XL:     3   Next: 62%
Magic:  0/10       EV: 13    Int: 20    God:
Gold:   81         SH:  0    Dex: 15    Spells: 2 memorised, 6 levels left

rFire  . . .     SeeInvis .     d - +0 dagger
rCold  . . .     Clarity  .     a - +0 robe
rNeg   . . .     SustAb   .     (no shield)
rPois  .         Gourm    .     (no helmet)
rElec  .         Spirit   .     (no cloak)
rCorr  .         Warding  .     (no gloves)
rMut   .         Stasis   .     (no boots)
MR     .....                    (no amulet)
Stlth  ++........               (no ring)
                                (no ring)

@: icy armour, not resistant to hostile enchantments, unstealthy
A: no striking features
a: no special abilities


You were on level 2 of the Dungeon.
You were not hungry.

You visited 1 branch of the dungeon, and saw 2 of its levels.

You collected 81 gold pieces.

Inventory:

Hand weapons
 d - a +0 dagger (weapon)
   (You took it off a goblin on level 1 of the Dungeon)
Armour
 a - a +0 robe (worn)
 j - a +0 pair of gloves
   (You found it on level 1 of the Dungeon)
Scrolls
 f - a scroll of identify {unknown}
 g - a scroll of teleportation {unknown}
 i - a scroll of magic mapping {unknown}
 k - a scroll of enchant armour {unknown}
 l - a scroll of remove curse {unknown}
 m - a scroll of random uselessness {unknown}
 q - a scroll of recharging {unknown}
Potions
 e - a potion of brilliance {unknown}
 h - 2 potions of curing {unknown}
 n - a potion of mutation {unknown}
 p - a potion of invisibility {unknown}
Books
 b - a book of Frost
Comestibles
 c - 3 bread rations {@e1}
 o - a chunk of flesh {@w0}


   Skills:
 - Level 2.4 Dodging
 - Level 2.4 Stealth
 + Level 4.4 Spellcasting
   Level 1.1 Conjurations
 + Level 4.3 Ice Magic


You had 6 spell levels left.
You knew the following spells:

 Your Spells              Type           Power        Failure   Level  Hunger
a - Freeze                Ice            ###.         2%          1    None
A - Ozocubu's Armour      Chrm/Ice       ##......     17%         3    ###....


Dungeon Overview and Level Annotations

Branches:
Dungeon (2/15)

Altars:


Message History

Aim: a gnoll, wielding a flail (moderately wounded)
You freeze the gnoll.
You now have 6/8 mp.
Aim: a gnoll, wielding a flail (almost dead)
You freeze the gnoll.
You kill the gnoll!
Your Spellcasting skill increases to level 4!
Your Ice Magic skill increases to level 4!
You have reached level 3!
Your experience leads to an increase in your attributes!
Increase (S)trength, (I)ntelligence, or (D)exterity?
You feel clever.
Health restored: 19 You now have 5/10 mp.
Aim: a giant newt You freeze the giant newt.
You kill the giant newt!
You now have 4/10 mp.
A gnoll comes into view. It is wielding a flail.
The gnoll shouts!
A gnoll comes into view. It is wielding a whip.
Things that are here:
a flail; a giant newt corpse
There is an open door here.
You close the door.
Memorise Ozocubu's Armour, consuming 3 spell levels and leaving 6?
You start memorising the spell.
You continue memorising.
You continue memorising.
Something unseen opens the door.
Your memorisation is interrupted.
Aim: a gnoll, wielding a flail You freeze the gnoll.
The gnoll barely misses you.
You now have 4/10 mp.
Aim: a gnoll, wielding a flail (lightly wounded)
You freeze the gnoll.
You kill the gnoll!
You now have 3/10 mp.
Memorise Ozocubu's Armour, consuming 3 spell levels and leaving 6?
You start memorising the spell.
You continue memorising.
You continue memorising. x2
You finish memorising.
Spell assigned to 'A'.
You start resting.
You are feeling hungry.
The goblin shouts!
Aim: a goblin, wearing a ring mail You freeze the goblin.
You kill the goblin!
Autoeating chunks.
Eating one of 2 chunks of flesh {@w0}.
You continue eating. x2
There is an open door here.
Items here: ) [ †† a ring mail; a flail; a goblin corpse; a gnoll corpse A gnoll is nearby!
A gnoll is nearby!
A gnoll is nearby!
A gnoll comes into view. It is wielding a spear.
A film of ice covers your body!
You now have 3/10 mp.
The gnoll misses you.
Aim: a gnoll, wielding a spear and wearing a shield You freeze the gnoll.
The gnoll shouts!
The gnoll barely misses you.
You now have 2/10 mp.
Aim: a gnoll, wielding a spear and wearing a shield (lightly wounded)
You freeze the gnoll. The gnoll misses you.
You now have 1/10 mp.
Aim: a gnoll, wielding a spear and wearing a shield (moderately wounded)
You freeze the gnoll. The gnoll closely misses you.
Aim: a gnoll, wielding a spear and wearing a shield (heavily wounded)
You freeze the gnoll. The gnoll barely misses you.
You now have 0/10 mp.
The gnoll blocks your attack. The gnoll blocks your attack.
The gnoll barely misses you. The gnoll blocks your attack.
The gnoll hits you but does no damage.
You hit the gnoll. The gnoll barely misses you. The gnoll closely misses you.
You hit the gnoll. The gnoll misses you. The gnoll hits you with a whip.
You take 4 damage, and have 15/19 hp.
MASSIVE DAMAGE!!
You completely miss the gnoll. The gnoll hits you with a spear.
The gnoll hits you with a whip.
You take 8 damage, and have 7/19 hp.
MASSIVE DAMAGE!!
You hit the gnoll.
You kill the gnoll!
The gnoll hits you with a whip.
You take 1 damage, and have 6/19 hp.
Aim: a gnoll, wielding a whip You freeze the gnoll.
The gnoll barely misses you.
You now have 0/10 mp.
You barely miss the gnoll. The gnoll hits you but does no damage.
You hit the gnoll. The gnoll hits you with a whip.
* * * LOW HITPOINT WARNING * * *
You take 4 damage, and have 2/19 hp.
MASSIVE DAMAGE!!
You hit the gnoll. The gnoll barely misses you.
You closely miss the gnoll. The gnoll barely misses you.
You hit the gnoll but do no damage. The gnoll barely misses you.
You hit the gnoll but do no damage. The gnoll hits you with a whip.
You die...

...# #................#######
######......................#
#.'..........(.....#####.#
####.#......####+#....#
.....................##
.....................+
####..######.........#
####..######.###[#####....
...)............@g........
####..######.###)#.####...
#..... #.#.# #.##### #.#.#
#.# #.#.# #.# #.#.# #.# #.#..
#.# ..### . ...


You could see a gnoll.

Vanquished Creatures
  3 gnolls (D:2)
  3 giant geckos (D:1)
  3 bats (D:1)
  A giant cockroach (D:1)
  4 kobolds (D:1)
  2 giant newts
  6 goblins
  A quokka (D:2)
  3 rats (D:1)
26 creatures vanquished.

Notes
Turn   | Place    | Note
--------------------------------------------------------------
     0 | D:1      | drasked, the Deep Elf Ice Elementalist, began the quest for the Orb.
     0 | D:1      | Reached XP level 1. HP: 10/10 MP: 6/6
   113 | D:1      | Reached XP level 2. HP: 13/15 MP: 4/8
  1106 | D:2      | Reached skill level 4 in Spellcasting
  1106 | D:2      | Reached skill level 4 in Ice Magic
  1106 | D:2      | Reached XP level 3. HP: 19/19 MP: 5/10
  1123 | D:2      | Learned a level 3 spell: Ozocubu's Armour
  1165 | D:2      | HP: 2/19 [gnoll/whip (4)]
  1169 | D:2      | Slain by a gnoll

Action                   || total
-------------------------++-------
Melee: Dagger            ||    16
 Cast: Freeze            ||    36
       Ozocubu's Armour  ||     1
  Eat: Chunk             ||     1

Vault maps used:
D:1:      dpeg_arrival_long_road, serial_park_tiny_2, hangedman_decor_growths,
          st_stairs_7, item_on_display_a
D:2:      elyvilon_altar_5, uniq_jessica, uniq_natasha

Table legend:
 A = Turns spent in this place as a percentage of turns spent in the entire game.
 B = Non-inter-level travel turns spent in this place as a percentage of non-inter-level travel turns spent in the entire game.
 C = Inter-level travel turns spent in this place as a percentage of turns spent in this place.
 D = Turns resting spent in this place as a percentage of non-inter-level travel turns spent in this place.
 E = Turns spent auto-exploring this place as a percentage of non-inter-level travel turns spent in this place.
 F = Non-inter-level travel turns spent in this place divided by the number of levels of this place that you've seen.
                   A       B       C       D       E      F
               +-------+-------+-------+-------+-------+----------------------
         Total | 100.0 | 100.0 |   0.3 |   1.2 |  13.2 | 170.0
       Dungeon | 100.0 | 100.0 |   0.3 |   1.2 |  13.2 | 170.0
               +-------+-------+-------+-------+-------+----------------------

Table legend:
 A = Kills in this place as a percentage of kills in entire the game.
 B = Kills by you in this place as a percentage of kills by you in the entire game.
 C = Kills by friends in this place as a percentage of kills by friends in the entire game.
 D = Other kills in this place as a percentage of other kills in the entire game.
 E = Experience gained in this place as a percentage of experience gained in the entire game.
 F = Experience gained in this place divided by the number of levels of this place that you have seen.
                   A       B       C       D       E      F
               +-------+-------+-------+-------+-------+----------------------
         Total | 100.0 | 100.0 |  -nan |  -nan | 100.0 |  38.0
       Dungeon | 100.0 | 100.0 |  -nan |  -nan | 100.0 |  38.0
               +-------+-------+-------+-------+-------+----------------------
